 Dungeon Crawl Stone Soup version 0.25-a0-517-gf8b3a32422 (webtiles) character file.

Game seed: 15631729129959803243, levelgen mode: classic

37251 EnegeticOcto the Demolition Dwarf (level 13, 0/124 HPs)
             Began as a Deep Dwarf Fighter on Feb 17, 2020.
             Was an Elder of Makhleb.
             Slain by a two-headed ogre
             ... wielding a +0 giant spiked club
              (6 damage)
             ... on level 15 of the Dungeon.
             The game lasted 00:10:07 (11259 turns).

EnegeticOcto the Demolition Dwarf (DDFi)           Turns: 11259, Time: 00:10:08

Health: 0/124      AC: 22    Str: 24    XL:     13   Next: 57%
Magic:  9/9        EV: 12    Int:  6    God:    Makhleb [****..]
Gold:   659        SH: 29    Dex: 12    Spells: 12/12 levels left

rFire    . . .     SeeInvis +   y - +1 war axe (vorpal)
rCold    + . .     Gourm    .   D - +10 tower shield of Ignorance {rN+ Int-4}
rNeg     + . .     Faith    .   A - +7 Kryia's mail coat {PotionHeal*2 rC+}
rPois    .         Spirit   .   (no helmet)
rElec    .         Reflect  .   l - +1 cloak
rCorr    .         Harm     .   (no gloves)
MR       +....                  (no boots)
Stlth    ..........             (no amulet)
HPRegen  0.00/turn              r - +5 ring of protection {=R}
MPRegen  0.11/turn              u - ring of see invisible

@: lethally poisoned (0 -> 0), non-regenerating
A: damage resistance, heal wounds, sense surroundings 2, no regeneration
a: Heal Wounds, Minor Destruction, Lesser Servant of Makhleb, Major Destruction,
Renounce Religion


You were on level 15 of the Dungeon.
You worshipped Makhleb.
Makhleb was greatly pleased with you.
You were very hungry.

You visited 2 branches of the dungeon, and saw 16 of its levels.

You collected 659 gold pieces.

Inventory:

Hand Weapons
 a - a +0 broad axe
 v - a +0 war axe
 y - a +1 vorpal war axe (weapon)
 z - a +2 dagger of distortion
Missiles
 B - a throwing net (quivered)
Armour
 l - a +1 cloak (worn)
 w - a +0 plate armour
 A - the +7 Kryia's mail coat (worn) {PotionHeal*2 rC+}
   (You found it on level 11 of the Dungeon)

   It protects you from cold.
   If you remove this armour, your AC will decrease by 15 (22 -> 7).
 D - the +10 tower shield of Ignorance (worn) {rN+ Int-4}
   (You found it on level 7 of the Dungeon)

   It affects your intelligence (-4).
   It protects you from negative energy.
Jewellery
 r - a +5 ring of protection (left hand) {=R}
 u - a ring of see invisible (right hand)
Wands
 g - a wand of paralysis (10)
 o - a wand of flame (11)
 q - a wand of digging (20) {@V2}
 x - a wand of disintegration (18)
 C - a wand of enslavement (7)
 F - a wand of iceblast (11)
 G - a wand of polymorph (3)
Scrolls
 c - a scroll of enchant armour
 h - 3 scrolls of teleportation {@r2}
 j - 5 scrolls of identify {@r1}
 m - a scroll of fear
 p - 5 scrolls of remove curse {@r6}
Potions
 b - a potion of brilliance
 f - 4 potions of flight
 i - 4 potions of curing {@q1}
 k - 2 potions of might {@q3}
 n - 2 potions of haste {@q4}
 s - 3 potions of agility
 t - a potion of magic
Comestibles
 e - 21 rations


   Skills:
 * Level 10.3 Fighting
 * Level 11.9 Axes
 + Level 9.1 Armour
 + Level 8.4 Dodging
 * Level 11.7 Shields
 * Level 13.2 Invocations


You had 12 spell levels left.
You didn't know any spells.
Your spell library contained the following spells:

 Spells                   Type           Power        Failure   Level  Hunger
 Beastly Appendage        Tmut           #.....       99%         1    ##.....
 Corona                   Hex            #......      99%         1    ##.....
 Sting                    Tmut/Pois      #...         99%         1    ##.....
 Ensorcelled Hibernation  Hex/Ice        #.....       100%        2    ###....
 Poisonous Vapours        Pois/Air       #.....       100%        2    ###....
 Sticks to Snakes         Tmut           #.......     100%        2    ###....
 Confusing Touch          Hex            #.......     100%        3    ####...
 Dazzling Flash           Conj/Hex       #.....       100%        3    ####...
 Gell's Gravitas          Tloc           #.........   100%        3    ####...
 Ignite Poison            Fire/Tmut/Pois #.......     100%        3    ####...
 Mephitic Cloud           Conj/Pois/Air  #.......     100%        3    ####...
 Spider Form              Tmut/Pois      #.........   100%        3    ####...
 Tukima's Dance           Hex            #.......     100%        3    ####...
 Ice Form                 Ice/Tmut       #.......     100%        4    #####..
 Olgreb's Toxic Radiance  Pois           #.......     100%        4    #####..
 Petrify                  Tmut/Erth      #.......     100%        4    #####..
 Blade Hands              Tmut           #.........   100%        5    ######.
 Metabolic Englaciation   Hex/Ice        #.........   100%        5    ######.
 Yara's Violent Unravell  Hex/Tmut       #.........   100%        5    ######.


Dungeon Overview and Level Annotations

Branches:
Dungeon (15/15)            Temple (1/1) D:4            Lair (0/6) D:9
    Orc (0/2) D:9          Vaults (0/5) D:14
 Depths: D:15

Altars:
Ashenzari
Cheibriados
Dithmenos
Elyvilon
Fedhas
Gozag
Hepliaklqana
Kikubaaqudgha
Makhleb
Nemelex Xobeh
Okawaru
Qazlal
Ru
Sif Muna
Trog
Uskayaw
Vehumet
Wu Jian
Xom
Yredelemnul
Zin
The Shining One

Shops:
D:14 (

Annotations:
D:7 1 runed translucent door, exclusion: orange crystal statue
D:12 3 runed translucent doors, Jimufa's ghost, journeyman DrCj
D:14 Roxanne


Innate Abilities, Weirdness & Mutations

You are resistant to damage.
You can heal yourself by infusing magical energy.
You passively map the area around you.
You do not regenerate.


Message History

The very large slime creature barely misses you.
The soldier ant stings you but does no damage.
The centaur hits you but does no damage.
You slash the fire giant!
You kill the fire giant!
Makhleb accepts your kill.
You feel better.
You slash the soldier ant! You closely miss the centaur warrior.
You hit the very large slime creature.
You hit the slime creature but do no damage.
You hit the centaur but do no damage. You hit the two-headed ogre.
You slash the slime creature!
You feel sick. You block the centaur warrior's attack.
You block the two-headed ogre's attack. x2
The centaur hits you. The slime creature barely misses you.
The slime creature hits you but does no damage.
The soldier ant stings you but does no damage.
You block the ogre mage's attack.
You block the very large slime creature's attack.
The centaur warrior hits you but does no damage.
You slice the slime creature!!
You kill the slime creature!
Makhleb accepts your kill.
You feel better.
You slash the two-headed ogre!
Your shield prevents you from hitting the centaur.
You slash the slime creature!
You kill the slime creature!
Makhleb accepts your kill.
You feel better.
You barely miss the very large slime creature.
You hit the centaur warrior but do no damage.
You slash the soldier ant!
You kill the soldier ant!
Makhleb accepts your kill.
You feel better.
You hit the eight-headed hydra but do no damage.
The centaur warrior hits you. The eight-headed hydra misses you.
The eight-headed hydra barely misses you.
You block the eight-headed hydra's attack. x4
The eight-headed hydra closely misses you.
The eight-headed hydra bites you!
The very large slime creature hits you!!!
The two-headed ogre hits you but does no damage.
The two-headed ogre closely misses you.
The two-headed ogre hits you but does no damage.
You block the two-headed ogre's attack. The centaur barely misses you.
The ogre mage closely misses you.
The two-headed ogre hits you with a +0 giant club! x2
The centaur closely misses you.
Okay, then.
You feel much better. The centaur warrior closely misses you.
You block the centaur's attack.
The two-headed ogre hits you with a +0 giant spiked club!!
The two-headed ogre hits you but does no damage.
You block the eight-headed hydra's attack. x3
The eight-headed hydra bites you.
The eight-headed hydra bites you but does no damage. x2
The eight-headed hydra bites you.
The eight-headed hydra bites you but does no damage.
The centaur closely misses you.
You block the very large slime creature's attack.
You block the two-headed ogre's attack.
The two-headed ogre hits you with a +0 giant club!
The centaur warrior misses you.
The two-headed ogre hits you with a +0 giant club.
The two-headed ogre closely misses you. The ogre mage closely misses you.
You feel much better. The centaur barely misses you.
You block the two-headed ogre's attack. x2; You block the centaur's attack.
The centaur warrior closely misses you.
The eight-headed hydra bites you but does no damage.
The eight-headed hydra barely misses you.
The eight-headed hydra completely misses you.
You block the eight-headed hydra's attack.
The eight-headed hydra bites you but does no damage.
The eight-headed hydra bites you! The eight-headed hydra misses you.
You block the eight-headed hydra's attack.
The two-headed ogre hits you with a +0 giant club.
The two-headed ogre closely misses you.
The very large slime creature hits you!!
* * * LOW HITPOINT WARNING * * *
The centaur hits you but does no damage.
The centaur hits you.
You feel much better.
You block the two-headed ogre's attack. x2
The centaur warrior hits you but does no damage.
You block the ogre mage's attack. You block the two-headed ogre's attack.
The two-headed ogre hits you with a +0 giant club!
* * * LOW HITPOINT WARNING * * *
The centaur hits you but does no damage.
The two-headed ogre misses you. You block the two-headed ogre's attack.
The eight-headed hydra bites you.
The eight-headed hydra barely misses you.
The eight-headed hydra bites you but does no damage. x2
The eight-headed hydra completely misses you.
The eight-headed hydra bites you.
You block the eight-headed hydra's attack.
The eight-headed hydra bites you but does no damage.
The centaur hits you but does no damage.
The very large slime creature hits you!!
* * * LOW HITPOINT WARNING * * *
The centaur warrior misses you.
The two-headed ogre hits you with a +0 giant spiked club!
You die...

**,
##..............#
* *
*............._..#
* *
................#
,
**#..............#
,, ,*
*#...<......# , ,
, ####.......##
.......YY..# , * *
###...ZJcc.# ,
#...Cc@OT# ,
#....ODOO# ,
#...O5OT.# *
#..........
#...........,,,,
#........(.... ,,
, #......§.#####*
,,, * #........#*
, * , ,, § ,, , ,
,


You could see an eight-headed hydra, a very large slime creature, a centaur
warrior, 4 two-headed ogres, an ogre mage (invisible), a cyclops, 2 trolls, 2
ice beasts, an ogre, 2 centaurs, a shadow imp and a wolf spider zombie.

Vanquished Creatures
  A fire giant (D:15)
  Snorg (D:10)
  2 vault guards (D:14)
  Fannar (D:11)
  2 centaur warriors
  Erolcha (D:10)
  A catoblepas (D:14)
  2 tengu warriors (D:13)
  3 two-headed ogres
  A skeletal warrior (D:11)
  An unseen horror (D:15)
  A necromancer (D:14)
  A lindwurm (shapeshifter) (D:13)
  2 deep elf magi
  3 cyclopes
  An ugly thing (D:13)
  A manticore (D:14)
  4 gargoyles
  Psyche (D:10)
  2 tengu conjurers (D:14)
  A meliai (D:13)
  3 trolls
  2 slime creatures (D:15)
  3 hippogriffs
  2 vampires
  A spriggan (D:8)
  A shadow (D:12)
  10 yaks
  A basilisk (D:14)
  2 wraiths
  2 hungry ghosts
  10 humans (D:14)
  Eustachio (D:5)
  2 fire elementals (D:14)
  9 vampire mosquitoes
  2 soldier ants
  2 water moccasins
  A hell hound (D:14)
  4 sky beasts
  4 black bears
  6 orc warriors
  11 ice beasts
  2 eyes of draining
  11 centaurs
  5 ogres
  A crocodile (D:13)
  2 big kobolds
  8 bullfrogs
  A wyvern zombie (D:11)
  7 scorpions
  A wyvern skeleton (D:9)
  10 killer bees
  15 wights
  2 howler monkeys
  2 centaur zombies
  3 quasits
  12 crimson imps
  2 bullfrog zombies
  2 bullfrog skeletons
  3 hounds
  4 jellies
  13 orc priests
  13 orc wizards
  3 iguanas
  4 worker ants
  A worker ant zombie (D:7)
  12 adders
  7 gnolls (D:7)
  6 shadow imps
  A white imp (D:10)
  3 oozes
  An adder zombie (D:8)
  An adder skeleton (D:5)
  A worm (D:2)
  A dart slug (D:2)
  5 leopard geckos
  40 orcs
  2 bats
  6 giant cockroaches
  5 goblins
  A hobgoblin (D:1)
  4 jackals
  4 quokkas
  3 frilled lizards
  A giant cockroach zombie (D:6)
  14 kobolds
  A leopard gecko skeleton (D:6)
  5 rats
363 creatures vanquished.

Vanquished Creatures (collateral kills)
  Azrael (D:14)
  2 hydras
  4 skeletal warriors (D:11)
  A necromancer (D:14)
  2 centaur skeletons (D:13)
  2 meliai (D:13)
  A troll (D:13)
  A shadow (D:11)
  A wraith (D:11)
  11 humans (D:14)
  A hungry ghost (D:13)
  A fire elemental (D:14)
  2 vampire mosquitoes (D:15)
  A phantom (D:11)
  An ice beast (D:11)
  A black bear (D:13)
  3 centaurs (D:14)
  An orc wizard (D:13)
37 creatures vanquished.

Grand Total: 400 creatures vanquished

Notes
Turn   | Place    | Note
-------+----------+-------------------------------------------
     0 | D:1      | EnegeticOcto the Deep Dwarf Fighter began the quest for the
                  | Orb.
     0 | D:1      | Reached XP level 1. HP: 20/20 MP: 1/1
   179 | D:2      | Reached XP level 2. HP: 20/27 MP: 2/2
   269 | D:2      | Reached XP level 3. HP: 33/34 MP: 3/3
   275 | D:2      | Reached skill level 1 in Dodging
   543 | D:3      | Reached XP level 4. HP: 33/42 MP: 4/4
   737 | D:4      | Reached XP level 5. HP: 45/49 MP: 5/5
   822 | D:4      | Found a staircase to the Ecumenical Temple.
   841 | Temple   | Entered the Ecumenical Temple
   920 | Temple   | Became a worshipper of Makhleb the Destroyer
  1117 | D:4      | Reached skill level 1 in Invocations
  1158 | D:4      | Found a sparkling altar of Nemelex Xobeh.
  1163 | D:4      | Found a glowing golden altar of the Shining One.
  1167 | D:4      | Found a white marble altar of Elyvilon.
  1168 | D:4      | Found a blossoming altar of Fedhas.
  1235 | D:4      | Noticed a black bear
  1245 | D:4      | Killed a black bear
  1245 | D:4      | Reached XP level 6. HP: 32/57 MP: 5/7
  1384 | D:4      | Reached skill level 2 in Invocations
  1492 | D:4      | Reached XP level 7. HP: 61/64 MP: 6/8
  1542 | D:4      | Reached skill level 3 in Invocations
  1737 | D:5      | Entered Level 5 of the Dungeon
  1761 | D:5      | Noticed Eustachio
  1780 | D:5      | Killed Eustachio
  1780 | D:5      | Reached skill level 5 in Axes
  1840 | D:5      | Found a shattered altar of Ashenzari.
  1950 | D:5      | Reached * piety under Makhleb
  1957 | D:5      | Reached skill level 4 in Invocations
  2035 | D:5      | Reached skill level 5 in Shields
  2035 | D:5      | Reached XP level 8. HP: 51/73 MP: 9/9
  2421 | D:5      | Reached skill level 5 in Fighting
  2722 | D:6      | Reached skill level 5 in Armour
  2764 | D:6      | Reached skill level 5 in Invocations
  2768 | D:6      | You fall into a shaft and drop 2 floors!
  2775 | D:8      | Found a bloodstained altar of Trog.
  2983 | D:8      | Reached ** piety under Makhleb
  3042 | D:8      | Reached skill level 6 in Invocations
  3110 | D:8      | Gained mutation: You passively map the area around you.
                  | [Deep Dwarf growth]
  3110 | D:8      | Reached XP level 9. HP: 80/82 MP: 10/10
  4220 | D:7      | Found a runed translucent door.
  4228 | D:7      | Found the +10 tower shield of Ignorance {rN+ Int-4}
  4229 | D:7      | Noticed an orange crystal statue
  4283 | D:7      | Found a runed translucent door.
  4829 | D:8      | Reached skill level 7 in Invocations
  5352 | D:9      | Reached *** piety under Makhleb
  5352 | D:9      | Reached skill level 5 in Dodging
  5390 | D:9      | Found a staircase to the Lair.
  5654 | D:9      | Reached XP level 10. HP: 92/92 MP: 9/9
  5928 | D:9      | Found a hazy altar of Hepliaklqana.
  5930 | D:9      | Found a shimmering altar of Xom.
  5930 | D:9      | Found an opulent altar of Gozag.
  5936 | D:9      | Found a hazy altar of Hepliaklqana.
  5936 | D:9      | Found a shimmering altar of Xom.
  5936 | D:9      | Found a sparkling altar of Nemelex Xobeh.
  5979 | D:9      | Reached skill level 8 in Invocations
  6076 | D:9      | Reached **** piety under Makhleb
  6101 | D:9      | Found a staircase to the Orcish Mines.
  6215 | D:10     | Entered Level 10 of the Dungeon
  6427 | D:10     | Reached skill level 9 in Invocations
  6791 | D:10     | Noticed Snorg
  6837 | D:10     | Killed Snorg
  6859 | D:10     | Noticed a gargoyle
  6881 | D:10     | Killed a gargoyle
  6946 | D:10     | Noticed Psyche
  6946 | D:10     | Noticed Erolcha
  6955 | D:10     | Killed Psyche
  6955 | D:10     | Reached XP level 11. HP: 99/102 MP: 9/9
  6973 | D:10     | Killed Erolcha
  7446 | D:11     | Noticed a six-headed hydra
  7489 | D:11     | Killed a ten-headed hydra
  7503 | D:11     | Found the +7 Kryia's mail coat {PotionHeal*2 rC+}
  7564 | D:11     | Reached skill level 10 in Invocations
  7568 | D:11     | Noticed a skeletal warrior
  7569 | D:11     | Noticed a skeletal warrior
  7575 | D:11     | Noticed a skeletal warrior
  7585 | D:11     | Noticed a skeletal warrior
  7602 | D:11     | Killed a skeletal warrior
  7611 | D:11     | Killed a skeletal warrior
  7618 | D:11     | Killed a skeletal warrior
  7626 | D:11     | Killed a skeletal warrior
  7645 | D:11     | Noticed a skeletal warrior
  7663 | D:11     | Killed a skeletal warrior
  7743 | D:11     | Noticed Fannar
  7904 | D:11     | Noticed a two-headed ogre
  7925 | D:11     | Killed a two-headed ogre
  8099 | D:11     | Reached skill level 10 in Axes
  8587 | D:11     | Killed Fannar
  8587 | D:11     | Reached skill level 11 in Invocations
  8635 | D:12     | Reached XP level 12. HP: 82/112 MP: 9/9
  8647 | D:12     | Noticed a four-headed hydra
  8662 | D:12     | Killed an eight-headed hydra
  8774 | D:12     | Reached skill level 10 in Shields
  9203 | D:12     | Found a runed translucent gate.
  9203 | D:12     | Found a runed translucent gate.
  9205 | D:12     | Found a runed translucent gate.
  9208 | D:12     | Noticed Jimufa's ghost (journeyman DrCj)
  9638 | D:13     | Noticed a centaur warrior
  9651 | D:13     | Killed a centaur warrior
  9687 | D:13     | Noticed a tengu warrior
  9707 | D:13     | Killed a tengu warrior
  9772 | D:13     | Noticed a tengu warrior
  9779 | D:13     | Killed a tengu warrior
  9913 | D:13     | Reached skill level 12 in Invocations
 10087 | D:14     | Found Pomuh's Weapon Boutique.
 10204 | D:14     | Noticed Azrael
 10229 | D:14     | Killed Azrael
 10288 | D:14     | Noticed a centaur warrior
 10302 | D:14     | Killed a centaur warrior
 10428 | D:14     | Noticed Roxanne
 10467 | D:14     | Noticed a catoblepas
 10517 | D:14     | Killed a catoblepas
 10517 | D:14     | Reached XP level 13. HP: 84/123 MP: 10/10
 10736 | D:14     | Found a gate to the Vaults.
 10752 | D:14     | Reached skill level 10 in Fighting
 11102 | D:14     | Found a shimmering blue altar of Sif Muna.
 11198 | D:15     | Entered Level 15 of the Dungeon
 11198 | D:15     | Found an opulent altar of Gozag.
 11213 | D:15     | Noticed a fire giant
 11230 | D:15     | Reached skill level 13 in Invocations
 11255 | D:15     | Killed a fire giant
 11259 | D:15     | HP: 6/124 [very large slime creature (31)]
 11259 | D:15     | Slain by a two-headed ogre

Levels and vault maps discovered:
D:1:      lightli_arrival_lavapool, layout_loops_corners,
          ebering_dispersal_statue_hall, st_stairs_8
D:2:      layout_basic
D:3:      minmay_chambers_of_twos, layout_basic, serial_bayou_lake_a
D:4:      layout_basic, minitemple, minmay_temple_entry_waves,
          chequers_serial_rivers_small_3, minmay_statues_item
D:5:      layout_loops_corners, ashenzari_conservatory_becter, first_ration,
          minivault_23, uniq_eustachio
D:6:      layout_gridville, solitary_fountain
D:7:      layout_layer_cave, chequers_guarded_unrand_ignorance
D:8:      layout_basic, basic_altar, the_bakery, kennysheep_generic_room_2
D:9:      layout_long_grid, doesnt_xom_only_xom, lair_entry_dummy, david_orc_4
D:10:     layout_roguey, minmay_fire_ice_demons, uniq_snorg, uniq_psyche,
          uniq_erolcha
D:11:     minmay_ice_pillars, layout_loops_ring, uniq_fannar
D:12:     layout_long_grid, gammafunk_ghost_spectres, st_stairs_12
D:13:     layout_roguey, hangedman_abyss_or_decor_stagger
D:14:     layout_stronghold, grunt_vaults_entry_tiered, lemuel_blue_sif_altar,
          serial_shops, kennysheep_little_box, uniq_roxanne, uniq_azrael
D:15:     grunt_enter_depths_giant_problem, layout_long_grid, basic_altar,
          chequers_serial_rivers_micro_b, minmay_misc_feat_x
Temple:   nicolae_temple_elliptical

Skill      XL: |  1  2  3  4  5  6  7  8  9 10 11 12 13 |
---------------+----------------------------------------+-----
Fighting       | 3 4 5 6 7 8 9 10 | 10.3
Axes           | 3 4 5 6 7 8 10 11 | 11.9
Dodging        | 1 2 3 4 5 6 7 8 |  8.4
Armour         | 4 5 6 7 8 9 |  9.1
Invocations    | 1 2 4 6 7 9 11 12 13 | 13.2
Shields        | 4 5 6 7 8 9 11 | 11.7

Action                   |  1- 3 |  4- 6 |  7- 9 | 10-12 | 13-15 || total
-------------------------+-------+-------+-------+-------+-------++-------
Melee: War axe           |    90 |   142 |   572 |   972 |   165 ||  1941
Throw: Throwing net      |       |       |       |     1 |       ||     1
Invok: Lesser Servant of |       |       |       |    23 |     8 ||    31
 Abil: Heal Wounds       |     1 |     8 |    12 |    33 |     6 ||    60
Evoke: Wand              |       |       |       |     3 |       ||     3
  Use: Scroll            |       |     7 |     5 |    10 |     2 ||    24
       Potion            |       |       |       |     2 |     2 ||     4
 Stab: Paralysed         |       |       |       |     3 |       ||     3
       Invisible         |       |       |       |     1 |       ||     1
       Distracted        |       |       |       |     6 |     3 ||     9
  Eat: Chunk             |       |     3 |    16 |    15 |     3 ||    37
       Ration            |       |       |     2 |     1 |       ||     3
Armor: Scale mail        |    26 |    31 |       |   127 |   117 ||   301
       Chain mail        |       |    17 |   208 |       |       ||   225
       Plate armour      |       |       |    31 |   418 |       ||   449
Dodge: Dodged            |    35 |    22 |    68 |   248 |   121 ||   494
Block: Kite shield       |    53 |    17 |       |       |       ||    70
       Tower shield      |       |   124 |   553 |  1435 |   358 ||  2470

Table legend:
 A = Non-vault XP
 B = Vault XP
 C = Vault XP percentage of total XP
 D = Non-vault monster count
 E = Vault monster count
 F = Vault count percentage of total count
                 A         B        C        D         E       F
            +---------+---------+-------+---------+---------+-------
      Total |   38837 |   14379 |  27.0 |     334 |      66 |  16.5
            +---------+---------+-------+---------+---------+-------
        D:1 |      11 |       0 |   0.0 |       8 |       0 |   0.0
        D:2 |      83 |       0 |   0.0 |      18 |       0 |   0.0
        D:3 |       8 |       0 |   0.0 |       4 |       0 |   0.0
        D:4 |     729 |       0 |   0.0 |      31 |       0 |   0.0
        D:5 |     578 |     191 |  24.8 |      23 |       1 |   4.2
        D:6 |     554 |       0 |   0.0 |      14 |       0 |   0.0
        D:7 |     835 |       0 |   0.0 |      23 |       0 |   0.0
        D:8 |    1568 |     358 |  18.6 |      21 |       3 |  12.5
        D:9 |    1541 |     796 |  34.1 |      28 |      18 |  39.1
       D:10 |    2934 |    2550 |  46.5 |      24 |       5 |  17.2
       D:11 |    7511 |    1297 |  14.7 |      36 |       7 |  16.3
       D:12 |    2329 |     131 |   5.3 |      14 |       1 |   6.7
       D:13 |    8602 |       0 |   0.0 |      45 |       0 |   0.0
       D:14 |    7564 |    7358 |  49.3 |      26 |      30 |  53.6
       D:15 |    3990 |    1698 |  29.9 |      19 |       1 |   5.0
            +---------+---------+-------+---------+---------+-------
